AoeStats
← Nessy

Arena

508619691Analyzed
4v4 RM · 9d ago on Sep 23, 2026· 48m 9s· 8 players
Game mode
Random Map
Map size
Large (8 player)
Population
200
Speed
Normal
Resources
Standard
Victory
Conquest
Starting age
Dark Age
Ending age
Imperial Age
RankedLock teamsTeams togetherTeam positionsShared explorationLock speedFull tech treeHidden civsTurbo modeCheats
Victory
Defeat
🇳🇱 Maya · Netherlands
1469
+16
🇦🇹 Koreans · Austria
1462
+17
🇦🇷 Bohemians · Argentina
1453
+17
🇨🇳 Malians · China
1428
+18
🇦🇺 Dravidians · Australia
1539
-20
🇦🇺 Aztecs · Australia
1481
-17
🇦🇺 Burmese · Australia
1454
-16
🇦🇺 Wu · Australia
1432
-15
黑糖
10:24 Feudal Age
14:27 Castle Age
12:33 Double-Bit Axe
12:59 Horse Collar
15:56 Bow Saw
23:39 Wheelbarrow
23:12 Town Watch
23:27 Loom
24:04 Heavy Plow
26:18 Hand Cart
26:04 Town Patrol
26:46 Squires
26:32 Arson
30:26 Imperial Age
28:18 Wagenburg Tactics
28:18 Scale Mail Armor
28:29 Forging
28:04 Pikeman
30:33 Chemistry
29:54 Ballistics
30:32 Chain Mail Armor
30:52 Iron Casting
30:09 Fletching
30:43 Murder Holes
31:16 Masonry
31:14 Elite Hussite Wagon
32:21 Conscription
31:53 Halberdier
33:23 Plate Mail Armor
33:54 Blast Furnace
33:15 Siege Engineers
34:46 Two-Man Saw
33:31 Sappers
34:46 Fortified Wall
34:35 Houfnice
37:53 Man-at-Arms
40:39 Long Swordsman
41:43 Two-Handed Swordsman
42:22 Bodkin Arrow
42:28 Padded Archer Armor
42:34 Scale Barding Armor
46:09 Champion
47:03 Bracer
47:19 Leather Archer Armor
bommietommie
10:38 Feudal Age
14:30 Castle Age
12:32 Horse Collar
13:00 Double-Bit Axe
17:45 Bow Saw
22:24 Wheelbarrow
22:50 Loom
23:50 Fletching
24:36 Hand Cart
24:28 Town Watch
24:39 Gold Mining
28:53 Imperial Age
27:06 Bodkin Arrow
27:39 Padded Archer Armor
28:35 Ballistics
29:01 Thumb Ring
30:34 Chemistry
29:38 Bracer
31:06 Leather Archer Armor
31:28 Conscription
32:26 Elite Plumed Archer
34:12 Hul'che Javelineers
35:58 Two-Man Saw
35:02 Elite Skirmisher
37:41 Ring Archer Armor
39:05 Holcans
38:38 Scale Mail Armor
38:49 Forging
38:31 Stone Mining
38:49 Treadmill Crane
39:59 Chain Mail Armor
39:08 Eagle Warrior
39:48 Squires
39:34 Arson
40:31 Heavy Plow
40:39 Town Patrol
41:47 Plate Mail Armor
40:37 Elite Eagle Warrior
41:56 Iron Casting
43:48 Masonry
44:10 Coinage
44:21 Stone Shaft Mining
46:22 Architecture
46:39 Banking
PowerP
10:37 Feudal Age
12:28 Double-Bit Axe
14:55 Castle Age
17:27 Scale Mail Armor
19:40 Forging
23:28 Chain Mail Armor
25:02 Wheelbarrow
24:13 Loom
27:47 Hand Cart
29:21 Iron Casting
30:06 Town Watch
31:22 Arson
31:37 Squires
37:58 Imperial Age
35:53 Stone Mining
35:57 Gold Mining
38:09 Bow Saw
40:05 Two-Man Saw
38:41 Heavy Rocket Cart
40:05 Shinkichon
40:35 Conscription
41:07 Elite Fire Lancer
42:30 Gold Shaft Mining
44:30 Chemistry
43:51 Ballistics
43:51 Scale Barding Armor
44:01 Caravan
44:09 Pikeman
46:35 Plate Mail Armor
elite boar
5:54 Loom
8:26 Feudal Age
9:12 Double-Bit Axe
11:46 Fletching
12:37 Town Watch
15:37 Horse Collar
18:43 Wheelbarrow
24:26 Castle Age
24:06 Stone Mining
24:07 Gold Mining
Blue
10:33 Feudal Age
14:33 Castle Age
12:28 Double-Bit Axe
13:55 Horse Collar
15:35 Bow Saw
17:42 Sanctity
19:19 Fervor
19:15 Gold Mining
21:48 Devotion
24:02 Wheelbarrow
23:36 Loom
29:34 Imperial Age
29:14 Atonement
30:01 Hand Cart
42:11 Heavy Plow
44:12 Eagle Warrior
44:53 Scale Mail Armor
45:04 Forging
45:39 Squires
45:55 Chain Mail Armor
47:17 Iron Casting
46:56 Elite Eagle Warrior
TDI
11:33 Feudal Age
15:15 Castle Age
13:11 Double-Bit Axe
13:09 Horse Collar
16:49 Bow Saw
18:37 Wheelbarrow
17:59 Loom
21:26 Hand Cart
21:02 Town Watch
23:03 Heavy Plow
29:04 Imperial Age
27:19 Fletching
28:42 Town Patrol
28:34 Gold Mining
28:36 Stone Mining
29:28 Ballistics
29:24 Bodkin Arrow
30:50 Two-Man Saw
30:10 Bracer
31:14 Chemistry
31:04 Padded Archer Armor
32:11 Thumb Ring
33:52 Conscription
34:18 Leather Archer Armor
33:56 Elite Elephant Archer
34:55 Medical Corps
38:44 Coinage
39:34 Ring Archer Armor
39:40 Wootz Steel
40:36 Banking
43:39 Scale Mail Armor
43:50 Forging
44:35 Elite Urumi Swordsman
45:52 Hoardings
45:36 Chain Mail Armor
45:56 Iron Casting
48:26 Plate Mail Armor
Nessy
10:07 Feudal Age
10:31 Feudal Age
14:11 Castle Age
12:38 Double-Bit Axe
12:38 Horse Collar
13:16 Scale Mail Armor
16:23 Arson
18:03 Bow Saw
22:39 Squires
23:27 Wheelbarrow
23:38 Forging
26:41 Chain Mail Armor
26:51 Hand Cart
26:47 Heavy Plow
32:41 Imperial Age
30:49 Iron Casting
31:21 Stone Mining
32:05 Masonry
32:31 Gold Mining
34:17 Plate Mail Armor
34:47 Blast Furnace
33:53 Scale Barding Armor
35:01 Conscription
36:30 Stone Shaft Mining
35:48 Elite Fire Archer
36:19 Fletching
37:04 Bodkin Arrow
38:17 Chemistry
37:38 Ballistics
37:48 Bracer
39:06 Padded Archer Armor
46:59 Man-at-Arms
47:57 Leather Archer Armor
47:31 Long Swordsman
Metronomical
9:17 Loom
11:03 Feudal Age
18:07 Castle Age
26:09 Horse Collar
27:07 Wheelbarrow
26:18 Town Watch
32:12 Imperial Age
30:27 Scale Mail Armor
31:07 Hand Cart
30:43 Gold Mining
31:40 Scale Barding Armor
31:52 Padded Archer Armor
32:47 Forging
32:53 Stone Mining
33:55 Chain Barding Armor
33:37 Husbandry
34:29 Chain Mail Armor
35:38 Iron Casting
35:05 Squires
34:40 Pikeman
36:57 Plate Mail Armor
36:15 Halberdier
37:32 Conscription
37:35 Bloodlines
38:40 Plate Barding Armor
41:13 Arson
43:16 Chemistry
Connection lost

Rejoining the realm…

Still unreachable

The connection could not be restored.

Session expired

The server has moved on; the page needs a fresh start.